 Dungeon Crawl Stone Soup version 0.23.1 (webtiles) character file.

Game seed: 15318828468451378078

56 Lunymew the Chiller (level 3, -1/24 HPs)
             Began as a Demonspawn Ice Elementalist on Mar 17, 2019.
             Slain by a worm (11 damage)
             ... on level 3 of the Dungeon.
             The game lasted 00:16:26 (2193 turns).

Lunymew the Chiller (Demonspawn Ice Elementalist)   Turns: 2193, Time: 00:16:26

Health: -1/24      AC:  2    Str:  8    XL:     3   Next: 69%
Magic:  0/6        EV: 12    Int: 16    God:
Gold:   75         SH:  1    Dex: 14    Spells: 6/7 levels left

rFire    . . .     SeeInvis .   f - +0 dagger
rCold    . . .     Gourm    .   o - -2 buckler (curse)
rNeg     . . .     Faith    .   a - +0 robe
rPois    +         Spirit   .   (helmet restricted)
rElec    .         Reflect  .   (no cloak)
rCorr    .         Harm     .   (no gloves)
MR       .....                  (no boots)
Stlth    ++........             (no amulet)
HPRegen  0.08/turn              h - ring of poison resistance
MPRegen  0.10/turn              k - +5 ring of slaying

@: very slightly contaminated
A: horns 1
a: no special abilities


You were on level 3 of the Dungeon.
You were not hungry.

You visited 1 branch of the dungeon, and saw 3 of its levels.

You collected 75 gold pieces.

Inventory:

Hand Weapons
 b - a +0 short sword
 f - a +0 dagger (weapon)
Armour
 a - a +0 robe (worn)
 o - a cursed -2 buckler (worn)
Jewellery
 h - a ring of poison resistance (left hand)
 k - a +5 ring of slaying (right hand)
Scrolls
 d - a scroll of blinking
 e - a scroll of remove curse {unknown}
 g - a scroll of identify
 j - a scroll of amnesia
 l - a scroll of teleportation
 m - a scroll of fear {unknown}
Comestibles
 c - 5 rations
 i - 3 chunks of flesh


   Skills:
 + Level 0.1 Short Blades
 * Level 2.1 Dodging
 * Level 2.1 Stealth
 * Level 0.6 Unarmed Combat
 + Level 2.5 Spellcasting
   Level 1.0 Conjurations
 * Level 3.3 Ice Magic


You had 6 spell levels left.
You knew the following spells:

 Your Spells              Type           Power        Failure   Level  Hunger
a - Freeze                Ice            ##..         9%          1    #......

Your spell library contained the following spells:

 Spells                   Type           Power        Failure   Level  Hunger
 Throw Frost              Conj/Ice       #.....       21%         2    ##.....
 Ozocubu's Armour         Chrm/Ice       #.......     45%         3    ###....
 Throw Icicle             Conj/Ice       #.......     80%         4    #####..
 Summon Ice Beast         Ice/Summ       #.......     86%         4    #####..


Dungeon Overview and Level Annotations

Branches:
Dungeon (3/15)

Altars:
Trog


Innate Abilities, Weirdness & Mutations

You have a pair of small horns on your head.


Message History

Aiming: Freeze (safe; 9% risk of failure)
Press: ? - help, Shift-Dir - straight line, f/p - worm
Aim: a worm (heavily wounded)
You freeze the worm.
The worm is severely wounded.
Casting: Freeze (safe; 9% risk of failure)
Confirm with . or Enter, or press ? or * to list all spells.
Aiming: Freeze (safe; 9% risk of failure)
Press: ? - help, Shift-Dir - straight line, f/p - worm
Aim: a worm (severely wounded)
You miscast Freeze.
You are very lightly contaminated with residual magic.
You feel uncomfortably cold. The worm misses you.
You hit the worm.
The worm is almost dead.
A bat comes into view.
You barely miss the worm.
The worm is almost dead.
The worm bites you!
You die...

..b..### .>$...#
.....# !.... #...
###..# #....#####
#....@w..# #######
#....###..# #.....##
####..# ..#
.......## ##.# .
........########.##
..................#
................#.#
........).......#..#
................##.#


You could see a worm and a bat.

Vanquished Creatures
  A gnoll (D:1)
  2 dart slugs
  3 leopard geckos
  6 bats
  3 giant cockroaches
  4 goblins (D:1)
  3 hobgoblins
  5 kobolds
  2 quokkas (D:3)
  2 frilled lizards
  7 rats
38 creatures vanquished.

Notes
Turn   | Place    | Note
-------+----------+-------------------------------------------
     0 | D:1      | Lunymew the Demonspawn Ice Elementalist began the quest for
                  | the Orb.
     0 | D:1      | Reached XP level 1. HP: 13/13 MP: 3/3
   419 | D:1      | Gained mutation: You have a pair of small horns on your
                  | head. [demonic ancestry]
   419 | D:1      | Reached XP level 2. HP: 17/19 MP: 0/5
   428 | D:1      | Reached skill level 3 in Ice Magic
   895 | D:1      | Reached XP level 3. HP: 3/24 MP: 0/6
  1433 | D:2      | Found a bloodstained altar of Trog.
  2193 | D:3      | Slain by a worm

Skill      XL: |  1  2 |
---------------+-------+-----
Ice Magic      | 3 |  3.3
Stealth        | 2 |  2.1
Dodging        | 2 |  2.1
Short Blades   | |  0.1
Unarmed Combat | |  0.6
Spellcasting   | |  2.5
Conjurations   | |  1.0

Action                   || total
-------------------------++-------
Melee: Short sword       ||     4
       Dagger            ||    14
       Headbutt          ||     3
 Cast: Freeze            ||    48
  Use: Scroll            ||     5
       Potion            ||     3
 Stab: Sleeping          ||     5
  Eat: Chunk             ||     4
Armor: Robe              ||     5
Dodge: Dodged            ||    23
